 Dungeon Crawl Stone Soup version 0.28.0-43-g3370ac3207 (webtiles) character file.

Game seed: 16127114713708117201

1841 TheDeanity the Chucker (level 8, -4/80 HPs)
             Began as a Troll Fighter on Mar 17, 2022.
             Was a Follower of Okawaru.
             Slain by an orc warrior
             ... wielding a +0 glaive
              (15 damage)
             ... in a bailey.
             The game lasted 00:26:05 (5289 turns).

TheDeanity the Chucker (Troll Fighter)              Turns: 5289, Time: 00:26:06

Health: -4/80      AC:  9    Str: 27    XL:     8   Next: 87%
Magic:  7/7        EV: 23    Int:  4    God:    Okawaru [*.....]
Gold:   328        SH:  7    Dex:  9    Spells: 7/7 levels left

rFire   . . .      SeeInvis .   (no weapon)
rCold   + . .      Faith    .   c - +0 kite shield
rNeg    . . .      Spirit   .   H - +0 swamp dragon scales
rPois   +          Reflect  .   (helmet restricted)
rElec   .          Harm     .   (no cloak)
rCorr   .          Rampage  .   (gloves unavailable)
Will    .....                   (boots unavailable)
Stlth   ..........              a - amulet of the acrobat
HPRegen 1.03/turn               f - ring of protection from cold
MPRegen 0.10/turn               x - ring of wizardry

@: mighty, acrobatic
A: large, unfitting armour, claws 3, regeneration 1, shaggy fur 1, tough skin 1
a: Renounce Religion, Heroism


You were in a bailey.
You worshipped Okawaru.
Okawaru was aware of your devotion.
You visited 2 branches of the dungeon, and saw 8 of its levels.
You also visited: Bailey.

You collected 361 gold pieces.
You spent 33 gold pieces at shops.

Inventory:

Hand Weapons
 D - a +0 giant spiked club
 G - a +2 morningstar of flaming
Missiles
 e - 153 stones (quivered)
 I - 2 poisoned darts
Armour
 c - a +0 kite shield (worn)
 H - +0 swamp dragon scales (worn)
Jewellery
 a - an amulet of the acrobat (around neck)
 b - a +4 ring of protection
 f - a ring of protection from cold (left claw)
 x - a ring of wizardry (right claw)
 y - a ring of wizardry
Wands
 r - a wand of mindburst (1)
 t - a wand of polymorph (13)
 C - a wand of flame (23)
Scrolls
 k - 3 scrolls of blinking
 n - a scroll of holy word
 o - a scroll of immolation {unknown}
 p - 3 scrolls of teleportation
 q - a scroll of fear
 s - a scroll of torment {unknown}
 v - a scroll of enchant weapon {unknown}
 w - a scroll of enchant armour {unknown}
 z - a scroll of magic mapping {unknown}
Potions
 d - a potion of flight {unknown}
 g - a potion of degeneration {unknown}
 h - 2 potions of resistance
 i - 3 potions of magic
 j - 2 potions of curing
 l - 6 potions of attraction
 m - 2 potions of heal wounds {unknown}
 B - a potion of brilliance {unknown}


   Skills:
 + Level 5.2 Fighting
 + Level 5.3 Maces & Flails
 * Level 7.1 Throwing
 + Level 1.6 Armour
 - Level 2.4 Dodging
 - Level 2.4 Shields
 + Level 1.1 Invocations


You had 7 spell levels left.
You didn't know any spells.
Your spell library contained the following spells:

 Spells                   Type           Power      Damage    Failure   Level
 Apportation              Tloc           0%         N/A       61%         1
 Pain                     Necr           0%         1d4       61%         1
 Corpse Rot               Necr/Air       0%         N/A       75%         2
 Poisonous Vapours        Pois/Air       0%         N/A       75%         2
 Agony                    Necr           0%         N/A       100%        5
 Excruciating Wounds      Necr           0%         N/A       100%        5
 Animate Skeleton         Necr           Unusable   N/A       N/A         1
 Summon Small Mammal      Summ           Unusable   N/A       N/A         1

Dungeon Overview and Level Annotations

Branches:
Dungeon (7/15)             Temple (1/1) D:6          Bailey (1/1)

Altars:
Ashenzari
Cheibriados
Elyvilon
Fedhas
Gozag
Hepliaklqana
Kikubaaqudgha
Makhleb
Nemelex Xobeh
Okawaru
Qazlal
Sif Muna
Trog
Vehumet
Wu Jian
Xom
The Shining One

Shops:
D:3 !   D:6 :

Annotations:
D:2 Sigmond!, Sigmund
D:3 exclusion: upstairs


Innate Abilities, Weirdness & Mutations

You are too large for most types of armour.
You have claws for hands.
Your natural rate of healing is unusually fast.
You are covered in fur. (AC +1)
You have tough skin. (AC +1)


Message History

Aim: an orc, wielding a +0 halberd (chance to affect: 79%)
The orc warrior struggles to resist.
Aiming: Mindburst
Press: ? - help, Shift-Dir - straight line, f/p - orc
Aim: an orc, wielding a +0 halberd (chance to affect: 79%)
The orc barely resists.
You block the orc warrior's attack.
Aiming: Mindburst
Press: ? - help, Shift-Dir - straight line, f/p - orc
Aim: an orc, wielding a +0 halberd (chance to affect: 79%)
The orc's mind is blasted!
You blow up the orc!
Okawaru accepts your kill.
The orc warrior hits you from afar with a +0 spear.
Aiming: Mindburst
Press: ? - help, Shift-Dir - straight line, f - orc warrior
Aim: an orc warrior, wielding a +0 spear and wearing a +0 plate armour (chance to affect: 64%)
The orc warrior's mind is blasted!
The orc warrior hits you from afar with a +0 spear.
* * * LOW HITPOINT WARNING * * *
You mangle the orc!!
You kill the orc!
Okawaru accepts your kill.
You feel like a meek peon again. You block the orc warrior's attack.
Really attack while wielding nothing?
You claw the orc!
You kill the orc!
Okawaru accepts your kill.
The orc warrior hits you from afar with a +0 spear!
* * * LOW HITPOINT WARNING * * *
The orc warrior barely misses you.
Items here: )))) [ †.
Okay, then.
Things that are here:
a +0 scale mail; a +0 halberd You see here a +0 trident.
The orc warrior hits you from afar with a +0 glaive!
* * * LOW HITPOINT WARNING * * *
The orc warrior hits you from afar with a +0 glaive!
You die...

############ ###
##.∩...)..).## .(..
#....[[#o....###### .o..
#....)###....#)...#).##..
#∩.....8...@.)..[)(..8...
#.....###o...#....#(.##..
#......#o....###### ....
##.∩...)....## ....
############ ###


You could see 2 orc warriors and an orc.

Vanquished Creatures
  A wyvern (D:6)
  An ice beast (D:6)
  4 orc warriors (Bailey)
  A sky beast (D:7)
  A black bear (D:7)
  An ogre (D:5)
  A bullfrog (D:6)
  2 scorpions
  A water moccasin zombie (D:6)
  A howler monkey (D:5)
  A bullfrog zombie (D:5)
  A crimson imp (D:4)
  2 hounds
  2 orc priests (D:3)
  2 bullfrog skeletons
  6 iguanas
  An orc wizard (D:3)
  A scorpion zombie (D:5)
  A killer bee zombie (D:6)
  A howler monkey zombie (D:7)
  2 adders
  3 gnolls (D:5)
  A white imp (D:4)
  An ufetubus (D:4)
  2 adder skeletons (D:4)
  4 worms
  2 dart slugs
  30 orcs
  4 endoplasms
  14 goblins
  7 hobgoblins
  3 jackals (D:4)
  7 kobolds
  3 quokkas
  7 ball pythons
  3 frilled lizards
  3 rats
128 creatures vanquished.

Vanquished Creatures (collateral kills)
  An orc (D:6)
1 creature vanquished.

Vanquished Creatures (others)
  A necrophage (D:6)
  A bullfrog (D:6)
  An adder (D:6)
  An orc (D:6)
  6 plants (D:3)
10 creatures vanquished.

Grand Total: 139 creatures vanquished

Notes
Turn   | Place    | Note
-------+----------+-------------------------------------------
     0 | D:1      | TheDeanity the Troll Fighter began the quest for the Orb.
     0 | D:1      | Reached XP level 1. HP: 22/22 MP: 0/0
   449 | D:1      | Reached skill level 1 in Throwing
   449 | D:1      | Reached XP level 2. HP: 29/29 MP: 1/1
   820 | D:2      | Reached XP level 3. HP: 36/36 MP: 2/2
   961 | D:2      | Noticed Sigmund
  1101 | D:3      | Reached skill level 2 in Throwing
  1101 | D:3      | Reached XP level 4. HP: 35/44 MP: 3/3
  1407 | D:3      | Reached XP level 5. HP: 53/53 MP: 4/4
  1537 | D:3      | Reached skill level 3 in Throwing
  1848 | D:3      | Found Menwyseu's Distillery.
  1857 | D:3      | Bought a potion of curing for 33 gold pieces
  2387 | D:4      | Reached XP level 6. HP: 61/61 MP: 5/5
  2708 | D:4      | Reached skill level 4 in Throwing
  3271 | D:5      | Entered Level 5 of the Dungeon
  3603 | D:5      | Reached XP level 7. HP: 59/68 MP: 6/6
  3745 | D:5      | Reached skill level 5 in Throwing
  4075 | D:6      | Found an ancient bone altar of Kikubaaqudgha.
  4079 | D:6      | Noticed Maggie
  4091 | D:6      | Noticed Maggie
  4091 | D:6      | Maggie changed into Maggie the wyvern
  4102 | D:6      | Killed Maggie the wyvern
  4192 | D:6      | Found a shimmering altar of Xom.
  4212 | D:6      | Reached XP level 8. HP: 69/78 MP: 7/7
  4226 | D:6      | Reached skill level 6 in Throwing
  4290 | D:6      | Found Locy's Book Emporium.
  4491 | D:6      | Found a staircase to the Ecumenical Temple.
  4792 | Temple   | Entered the Ecumenical Temple
  4902 | Temple   | Became a worshipper of Warmaster Okawaru
  5089 | D:7      | Reached skill level 5 in Maces & Flails
  5095 | D:7      | Found a flagged portal.
  5116 | Bailey   | Entered a bailey
  5140 | Bailey   | Reached skill level 5 in Fighting
  5140 | Bailey   | Reached skill level 1 in Armour
  5174 | Bailey   | Reached * piety under Okawaru
  5255 | Bailey   | Reached skill level 7 in Throwing
  5261 | Bailey   | Reached skill level 1 in Invocations
  5289 | Bailey   | Slain by an orc warrior

Illustrated notes

Levels and vault maps discovered:
D:1:      lightli_arrival_farm, layout_loops_ring
D:2:      layout_basic, uniq_sigmund
D:3:      cheibrodos_pilgrimage, layout_basic, serial_shops,
          nicolae_lakefront_shop, corexii_leaking_fountain, chequers_big_river
D:4:      layout_basic, minmay_fire_ice_demons
D:5:      layout_rooms
D:6:      layout_cave_pools, xom_confusion_cloud, kennysheep_mini_moat,
          minmay_temple_entry_statues_fountains, serial_shops,
          nicolae_shop_behind_doors, uniq_crazy_yiuf_cottage, uniq_maggie
D:7:      layout_loops_cross, nicolae_uskayaw_dance_studio, enter_bailey_5,
          nicolae_ossuary_entry_ruins
Temple:   regret_index_temple_mists
Bailey:   bailey_polearm_5, bailey

Skill      XL: |  1  2  3  4  5  6  7  8 |
---------------+-------------------------+-----
Maces & Flails | 2 3 4 5 |  5.3
Throwing       | 1 2 3 4 5 7 |  7.1
Fighting       | 3 4 5 |  5.2
Armour         | 1 |  1.6
Invocations    | 1 |  1.1
Dodging        | |  2.4
Shields        | |  2.4

Action                   |  1- 3 |  4- 6 |  7- 9 || total
-------------------------+-------+-------+-------++-------
Melee: Unarmed           |   110 |   207 |   144 ||   461
       Flail             |     2 |       |       ||     2
Throw: Stone             |    68 |   170 |    66 ||   304
       Dart              |       |       |    14 ||    14
       Throwing net      |       |       |     1 ||     1
Invok: Heroism           |       |       |     1 ||     1
Evoke: Wand              |       |       |    24 ||    24
  Use: Scroll            |       |     6 |     1 ||     7
       Potion            |       |       |     3 ||     3
Armor: Robe              |    22 |    53 |    15 ||    90
       Swamp dragon scal |       |       |    26 ||    26
Dodge: Dodged            |    38 |    72 |    71 ||   181
Block: Kite shield       |    34 |    75 |    56 ||   165
